 Dungeon Crawl Stone Soup version 0.31-a0-154-g56bf346678 (webtiles) character file.

Game seed: 5155088488512140013

83 Moral the Cudgeller (level 4, -1/41 HPs)
             Began as a Minotaur Chaos Knight on June 12, 2023.
             Was a Plaything of Xom.
             Slain by a gnoll
             ... wielding a +0 whip
              (3 damage)
             ... on level 2 of the Dungeon.
             The game lasted 00:05:58 (1679 turns).

Moral the Cudgeller (Minotaur Chaos Knight)         Turns: 1679, Time: 00:06:00

Health: -1/41      AC:  6    Str: 19    XL:     4   Next: 22%
Magic:  3/3        EV:  9    Int:  9    God:    Xom [*.....]
Gold:   93         SH:  0    Dex:  9    Spells: 3/3 levels left

rFire   . . .        a - +0 mace (chaos)
rCold   . . .        (no shield)
rNeg    . . .        k - +0 scale mail
rPois   .            (helmet restricted)
rElec   .            (no cloak)
rCorr   .            (no gloves)
SInv    .            (no boots)
Will    .....        (no amulet) Stlth
                     (no ring)
HPRegen 0.26/turn    (no ring)
MPRegen 0.08/turn

%: no passive effects
@: no status effects
A: horns 2, retaliatory headbutt
a: Renounce Religion


You were on level 2 of the Dungeon.
You worshipped Xom.
You were a special plaything of Xom.
You visited 1 branch of the dungeon, and saw 2 of its levels.

You collected 93 gold pieces.

Inventory:

Hand Weapons
 a - a +0 mace of chaos (weapon)
Armour
 k - a +0 scale mail (worn)
Scrolls
 b - a scroll of blinking {unknown}
 d - 5 scrolls of identify {unknown}
 e - a scroll of enchant weapon {unknown}
 g - a scroll of fog {unknown}
 h - 3 scrolls of poison {unknown}
 i - a scroll of vulnerability {unknown}
 j - a scroll of magic mapping {unknown}
 n - 2 scrolls of teleportation {unknown}
Potions
 f - 3 potions of ambrosia {unknown}
 l - a potion of might {unknown}
Miscellaneous
 c - a piece from Xom's chessboard (15/15) (quivered)


   Skills:
 * Level 4.4 Fighting
 * Level 5.2 Maces & Flails
 * Level 3.1 Armour
 - Level 1.1 Dodging


You had 3 spell levels left.
You didn't know any spells.
Your spell library contained the following spells:

 Spells                   Type           Power      Damage    Failure   Level
 Freeze                   Ice            0%         1d3       77%         1
 Frozen Ramparts          Ice            0%         1d1       98%         3
 Hailstorm                Conj/Ice       0%         3d3       98%         3
 Ozocubu's Armour         Ice            0%         N/A       98%         3
 Ozocubu's Refrigeration  Ice            0%         4d7       100%        7


Dungeon Overview and Level Annotations

Branches:
Dungeon (2/15)

Altars:


Innate Abilities, Weirdness & Mutations

You have a pair of horns on your head.
You reflexively headbutt those who attack you in melee.


Message History

You see here a +0 scale mail.
A kobold and a gnoll come into view.
The kobold shouts!
The gnoll shouts!
You hear an angry hiss.
You hear a shout!
A ball python comes into view.
A gnoll comes into view. It is wielding a +0 whip.
Press: ? - help, v - describe, . - travel The floor.
There is a cloud of magical condensation here.
A gnoll comes into view. It is wielding a +0 whip.
Found 3 scrolls labelled WETING WAOBEGG.
The gnoll shouts!
You hear a shout!
A gnoll comes into view. It is wielding a +0 club.
The gnoll moves out of view.
You hit the kobold but do no damage.
The kobold resists with some effort.
The kobold hits you but does no damage.
The gnoll hits you from afar with a +0 spear.
You hit the kobold.
You kill the kobold!
You hit the ball python. You burn the ball python.
You kill the ball python!
You barely miss the gnoll. You headbutt the gnoll.
The gnoll is heavily wounded.
The gnoll closely misses you.
The gnoll hits you from afar with a +0 spear.
The gnoll misses you. You furiously retaliate!
You headbutt the gnoll!
The gnoll hits you but does no damage. x2
You hit the gnoll. You burn the gnoll. Your headbutt misses the gnoll.
The gnoll is severely wounded.
The gnoll hits you with a +0 club! The gnoll hits you with a +0 whip! x2
The gnoll hits you from afar with a +0 spear.
* * * LOW HITPOINT WARNING * * *
You sock the gnoll! You freeze the gnoll.
You kill the gnoll!
The gnoll hits you from afar with a +0 spear.
* * * LOW HITPOINT WARNING * * *
The gnoll hits you with a +0 club.
* * * LOW HITPOINT WARNING * * *
The gnoll hits you with a +0 whip.
You die...
Xom thinks this is hilarious!

...## #.. ......... #.. .........
#.. #........ #.. # ###........
#.. #. #......... #.. #..
#.g....########..
..#...##).....#......'..
.......@g.......######..
.........#....g###..[...#####..
#........ #....?#...............
#...............#.......).......
#.......#.......#...###.....####
#.......#.......+...+.......#...
##.....#+#......##...####....#.##
#....#..........+.##### #....#.#.
#<...#..........#.....# #..#.#.#.


You could see 3 gnolls.

Vanquished Creatures
  Natasha (twice) (D:2)
  A gnoll (D:2)
  A worm (D:2)
  2 dart slugs (D:1)
  4 ball pythons
  3 endoplasms
  A giant cockroach (D:1)
  2 goblins (D:1)
  2 hobgoblins
  3 kobolds
  A bat (D:1)
  2 frilled lizards
  5 rats
29 creatures vanquished.

Notes
Turn   | Place    | Note
-------+----------+-------------------------------------------
     0 | D:1      | Moral the Minotaur Chaos Knight began the quest for the
                  | Orb.
     0 | D:1      | Reached XP level 1. HP: 19/19 MP: 0/0
    54 | D:1      | Reached skill level 4 in Maces & Flails
   125 | D:1      | Reached XP level 2. HP: 27/27 MP: 1/1
   197 | D:1      | XOM: divination: magic mapping
   503 | D:1      | XOM is BORED!
   503 | D:1      | XOM: silly message
   505 | D:1      | XOM: silly message
  1162 | D:2      | XOM: noise
  1164 | D:2      | XOM: enchant monster (bad)
  1171 | D:2      | Reached XP level 3. HP: 33/33 MP: 2/2
  1351 | D:2      | Noticed Natasha
  1361 | D:2      | Killed Natasha
  1362 | D:2      | Reached skill level 5 in Maces & Flails
  1462 | D:2      | Noticed Natasha
  1467 | D:2      | Killed Natasha
  1468 | D:2      | Reached XP level 4. HP: 36/41 MP: 3/3
  1649 | D:2      | XOM: cloud trail
  1679 | D:2      | HP: 2/41 [gnoll/+0 club (3)]
  1679 | D:2      | Slain by a gnoll

Illustrated notes

Levels and vault maps discovered:
D:1:      roderic_crossed_star, layout_basic, minivault_5
D:2:      layout_basic, uniq_natasha

Skill      XL: |  1  2  3 |
---------------+----------+-----
Maces & Flails | 4 5 |  5.2
Fighting       | 4 |  4.4
Armour         | 3 |  3.1
Dodging        | |  1.1

Action                     |  1- 3 |  4- 6 || total
---------------------------+-------+-------++-------
  Melee: Mace              |    63 |     6 ||    69
         Headbutt          |     8 |     1 ||     9
   Stab: Confused          |     1 |       ||     1
 Armour: Leather armour    |    14 |       ||    14
         Scale mail        |     9 |     3 ||    12
  Dodge: Dodged            |    31 |     2 ||    33

Table legend: (Time is in decaauts)
 A = Elapsed time spent in this place.
 B = Non-inter-level travel time spent in this place.
 C = Inter-level travel time spent in this place.
 D = Time resting spent in this place.
 E = Time spent auto-exploring this place.
 F = Levels seen in this place.
 G = Mean time per level.
                   A        B        C        D        E       F      G
               +--------+--------+--------+--------+--------+-----+--------+
         Total |   1690 |   1585 |    105 |      0 |   1326 |   2 |  845.0 |
       Dungeon |   1690 |   1585 |    105 |      0 |   1326 |   2 |  845.0 |
               +--------+--------+--------+--------+--------+-----+--------+

Top non-repeatable levels by time:
     D:1: 917 daAuts
     D:2: 772 daAuts
